Map: Odyssey LE

Players

lIlIIllIlIIl (Namshar)

  • Race: Zerg Zerg
  • League: Master
  • Spawn Location: 11:00

RiSky - Winner!

  • Race: Zerg Zerg
  • League: Master
  • Spawn Location: 5:00

VOD

Have the link to the VOD?

Description

Time

  • Played on: Nov. 17, 2017, 6 p.m.
  • Length: 14:01
Show
View Real Time Build Order
Export as new Build Order

lIlIIllIlIIl Zerg 

Build Orders: Hatch First 

Get SALT Encoding   

  12  0:00  Drone  
  13  0:13  Overlord  
  13  0:16  Drone  
  14  0:31  Drone x2  
  14  0:34  Drone  
  17  0:52  Hatchery  
  17  0:54  Drone  
  17  0:57  Drone  
  18  1:08  Extractor  
  17  1:12  Spawning Pool  
  17  1:15  Drone  
  17  1:18  Drone  
  18  1:28  Drone  
  19  1:39  Overlord  
  19  1:49  Drone  
  20  1:59  Queen  
  20  2:00  Zergling x2  
  23  2:04  Queen, Zergling x2  
  23  2:08  Metabolic Boost  
  26  2:11  Zergling x2  
  26  2:15  Drone  
  29  2:22  Drone  
  29  2:28  Baneling Nest, Drone  
  29  2:33  Drone  
  30  2:40  Drone  
  30  2:43  Drone  
  32  2:47  Drone  
  33  2:55  Hatchery  
  33  2:57  Overlord  
  32  3:02  Zergling x2  
  32  3:04  Drone  
  34  3:10  Drone x2  
  36  3:19  Drone x4  
  40  3:26  Zergling x4  
  41  3:29  Zergling x2  
  41  3:30  Baneling x2  
  42  3:37  Overlord  
  42  3:40  Extractor, Queen  
  44  3:46  Roach Warren  
  43  3:50  Baneling  
  43  3:51  Baneling  
  43  3:56  Overlord  
  43  3:57  Drone  
  43  3:58  Drone x3  
  43  3:59  Zergling x2  
  43  4:00  Zergling x4  
  50  4:08  Drone  
  50  4:09  Drone  
  52  4:18  Drone x3  
  52  4:21  Extractor  
  53  4:30  Drone  
  53  4:31  Drone x6  
  60  4:32  Lair  
  60  4:35  Evolution Chamber  
  56  4:47  Drone x2  
  56  4:49  Zergling x4  
  59  4:55  Zergling x4  
  61  5:01  Zerg Missile Weapons Level 1, Overlord x3  
  60  5:07  Drone  
  60  5:08  Drone x3  
  60  5:09  Drone  
  61  5:28  Extractor  
  61  5:29  Extractor  
  61  5:30  Roach x3  
  61  5:31  Drone x7  
  61  5:33  Baneling  
  72  5:35  Glial Reconstitution  
  72  5:37  Hatchery  
  72  5:41  Drone x5  
  76  5:44  Drone  
  77  5:50  Drone  
  77  5:51  Extractor, Drone x3  
  77  5:55  Drone  
  80  5:57  Extractor  
  80  6:01  Drone  
  80  6:03  Drone  
  80  6:05  Evolution Chamber, Queen  
  80  6:09  Overlord  
  80  6:10  Roach x4  
  89  6:14  Overlord  
  89  6:15  Overlord x3  
  89  6:22  Overlord x2  
  89  6:45  Drone x3  
  89  6:46  Drone  
  92  6:47  Zerg Ground Armor Level 1  
  92  6:49  Hatchery  
  92  6:51  Roach x12  
  92  6:53  Ravager x4  
  119  7:00  Roach  
  121  7:02  Roach x2  
  121  7:04  Roach  
  127  7:12  Roach x2  
  127  7:14  Overlord  
  127  7:15  Roach x4  
  139  7:17  Roach x3  
  139  7:20  Roach  
  139  7:21  Roach x2  
  151  7:25  Overlord, Pneumatized Carapace  
  151  7:26  Overlord  
  151  7:43  Overseer  
  151  7:45  Zerg Missile Weapons Level 2  
  151  7:46  Drone  
  151  7:48  Hydralisk Den  
  151  7:49  Roach x8  
  168  7:51  Drone x4  
  168  7:52  Hatchery  
  168  7:57  Overlord x2  
  170  8:01  Centrifical Hooks  
  170  8:03  Overlord x2  
  167  8:23  Overlord  
  165  8:31  Roach x2  
  165  8:32  Roach x14  
  195  8:40  Ravager x3, Overlord  
  195  8:41  Overlord  
  184  8:54  Zergling x2  
  184  8:55  Zergling x30  
  198  9:03  Zergling x2  
  198  9:04  Zergling x4  
  199  9:17  Baneling x9  
  199  9:18  Baneling x19  
  199  9:26  Baneling x5  
  190  9:37  Roach x7  
  174  9:43  Drone  
  174  9:44  Queen, Drone x6  
  174  9:45  Roach x5  
  189  10:08  Roach x5  
  199  10:22  Baneling x5  
  199  10:26  Burrow, Tunneling Claws, Muscular Augments  
  199  10:28  Drone  
  187  11:00  Hydralisk x6  
  187  11:01  Hydralisk x3  
  196  11:08  Roach x3  
  196  11:09  Roach x3  
  184  11:24  Roach x10  
  120  11:50  Roach x9  
  117  12:03  Hydralisk x4  
  117  12:04  Hydralisk x2  
  117  12:06  Queen  
  112  12:11  Roach x16  
  112  12:12  Roach  
  112  12:13  Roach x2  
  120  12:19  Hatchery  
  120  12:22  Hydralisk x2  
  119  12:23  Hydralisk x2  
  119  12:26  Ravager x2  
  129  12:31  Roach  
  129  12:35  Hatchery  
  129  12:36  Roach x3  
  136  12:44  Queen  
  136  12:45  Drone x4  
  136  12:48  Ravager x3  
  136  12:49  Ravager  
  146  12:53  Roach x5  
  155  13:18  Roach x13  
  155  13:19  Roach x10  
  159  13:32  Unknown x4  
  159  13:33  Roach x5  
Show
View Real Time Build Order
Export as new Build Order

RiSky Zerg - Winner!

Build Orders: Hatch First, Lurkers 

Get SALT Encoding   

  12  0:00  Drone  
  13  0:12  Overlord  
  13  0:16  Drone  
  14  0:30  Drone x2  
  14  0:33  Drone  
  17  0:52  Hatchery  
  17  0:54  Drone  
  17  0:58  Drone  
  17  1:01  Extractor  
  17  1:13  Spawning Pool  
  17  1:16  Drone  
  17  1:21  Drone  
  18  1:28  Drone  
  19  1:37  Overlord  
  19  1:49  Drone  
  20  1:59  Queen  
  20  2:00  Zergling x2  
  23  2:02  Metabolic Boost  
  23  2:03  Queen  
  23  2:07  Zergling x2  
  26  2:11  Zergling x2  
  26  2:15  Drone  
  28  2:21  Drone  
  29  2:25  Drone  
  30  2:31  Drone  
  30  2:36  Drone  
  32  2:43  Drone  
  33  2:45  Hatchery  
  33  2:50  Overlord  
  32  2:58  Zergling x4  
  34  2:59  Baneling Nest  
  33  3:08  Drone x2  
  33  3:09  Drone  
  33  3:11  Drone  
  36  3:13  Drone x2  
  36  3:14  Drone  
  36  3:18  Zergling x4  
  41  3:24  Overlord  
  41  3:32  Drone  
  42  3:36  Overlord  
  42  3:39  Drone  
  43  3:42  Queen  
  43  3:43  Baneling  
  43  3:45  Drone  
  43  3:47  Overlord  
  46  3:48  Drone  
  46  3:50  Drone  
  46  3:51  Zergling x2  
  46  3:53  Drone  
  46  3:55  Overlord  
  50  3:59  Drone  
  50  4:02  Drone  
  52  4:03  Overlord  
  52  4:07  Drone  
  53  4:11  Drone  
  53  4:13  Extractor  
  53  4:14  Baneling  
  53  4:15  Baneling  
  53  4:19  Drone  
  53  4:20  Overlord, Roach Warren  
  53  4:24  Baneling x2  
  53  4:29  Zergling x6  
  58  4:31  Drone  
  58  4:34  Drone  
  59  4:38  Evolution Chamber  
  59  4:39  Drone  
  59  4:40  Drone  
  59  4:41  Overlord  
  59  4:42  Drone  
  59  4:44  Drone  
  62  4:47  Drone  
  62  4:51  Drone  
  62  4:52  Overlord  
  64  4:53  Drone  
  65  5:00  Overlord  
  65  5:02  Extractor, Overlord, Drone  
  65  5:05  Drone  
  65  5:06  Zerg Missile Weapons Level 1  
  64  5:08  Drone  
  64  5:09  Lair, Drone  
  64  5:12  Overlord  
  66  5:17  Overlord  
  63  5:23  Drone  
  63  5:25  Drone x4  
  63  5:28  Drone  
  66  5:31  Drone x3  
  66  5:33  Drone  
  70  5:35  Drone  
  70  5:40  Drone  
  72  5:43  Drone, Hatchery  
  72  5:44  Drone  
  72  5:45  Drone  
  72  5:47  Extractor  
  72  5:48  Extractor  
  72  5:49  Drone  
  73  5:55  Drone x2  
  73  5:56  Extractor  
  74  5:57  Overlord  
  74  5:58  Drone  
  74  6:01  Drone  
  74  6:02  Drone x2  
  78  6:06  Hydralisk Den, Pneumatized Carapace  
  78  6:07  Drone  
  78  6:09  Glial Reconstitution  
  78  6:10  Roach x3  
  84  6:13  Roach x2  
  84  6:14  Roach x2  
  84  6:18  Roach  
  94  6:21  Roach x2  
  98  6:26  Roach x4  
  98  6:30  Roach x3  
  112  6:37  Roach x3  
  117  6:42  Muscular Augments, Overlord  
  117  6:44  Drone  
  117  6:48  Overlord  
  117  6:50  Drone  
  117  6:54  Drone  
  118  6:56  Overlord  
  118  7:00  Extractor  
  117  7:01  Zerg Missile Weapons Level 2  
  117  7:08  Hydralisk  
  117  7:09  Hydralisk x5  
  129  7:15  Hydralisk  
  129  7:16  Hydralisk  
  129  7:21  Hydralisk x2  
  137  7:24  Zergling x2  
  137  7:26  Hydralisk  
  137  7:27  Extractor, Hydralisk  
  142  7:30  Drone x3  
  142  7:31  Drone  
  142  7:33  Overlord  
  142  7:34  Hydralisk x2  
  149  7:41  Roach x4  
  149  7:43  Extractor  
  157  7:45  Roach x3  
  157  7:47  Roach  
  157  7:48  Roach x2  
  169  7:52  Overlord  
  169  7:55  Lurker Den  
  169  7:58  Hatchery  
  168  8:01  Hydralisk x2  
  172  8:08  Overlord  
  171  8:13  Overlord  
  171  8:15  Roach x10  
  191  8:22  Overseer  
  191  8:27  Overlord  
  187  8:34  Roach  
  187  8:35  Roach x5  
  187  8:41  Roach x2  
  198  8:48  Roach x2  
  198  8:53  Infestation Pit  
  193  9:13  Extractor  
  193  9:14  Extractor  
  191  9:23  Hydralisk x4  
  189  9:43  Lurker x2  
  189  9:44  Lurker x7  
  190  9:52  Spine Crawler x2  
  189  9:53  Spine Crawler x2  
  189  9:54  Spine Crawler  
  189  9:58  Lurker x3  
  178  10:07  Roach x9  
  182  10:21  Roach x2  
  182  10:22  Roach x6  
  182  10:24  Hive  
  182  10:26  Spine Crawler  
  182  10:28  Spine Crawler x2  
  195  10:37  Roach x2  
  177  11:00  Roach x10  
  151  11:20  Roach x5  
  137  11:34  Roach  
  137  11:35  Roach x7  
  134  11:43  Roach x2  
  129  11:50  Roach x3  
  129  11:54  Hydralisk x3  
  133  11:55  Hydralisk  
  133  11:56  Adaptive Talons  
  133  11:59  Hydralisk x3  
  127  12:04  Hydralisk  
  111  12:10  Lurker  
  111  12:11  Lurker x2, Hydralisk x3  
  120  12:16  Hydralisk  
  120  12:21  Lurker x2  
  120  12:22  Hydralisk x3  
  127  12:33  Hydralisk x4  
  135  12:38  Hydralisk  
  135  12:42  Overlord  
  135  12:43  Hydralisk x2  
  141  12:48  Hydralisk  
  141  12:59  Roach x3  
  141  13:00  Roach  
  141  13:05  Drone x3  
  150  13:17  Roach x4  
  158  13:24  Roach  
  143  13:37  Roach x3  
Tags
 
Add a new tag
Caveats
  • Supply blocks, unpowered buildings, or Contaminate may cause inaccurate times.
  • Supply counts are checked every 10 seconds.